| TOP OF THE 1ST |
|
Great Lakes Loons batting - Pitching for Augusta GreenJackets : RHP Rich Benoit
|
|
Pitching: RHP Rich Benoit
|
|
|
Batting: RHB Alex Mejia
|
0-0: Ball 1-0: Foul Ball, location: 2F 1-1: Called Strike 1-2: DOUBLE (Line Drive, 9LM, EV 101.9 MPH)
|
|
Batting: RHB Jerry Sanchez
|
0-0: Ball 1-0: Ball 2-0: Ground out U3 (Groundball, 3, EV 105.0 MPH) Alex Mejia to third
|
|
Batting: LHB Antonio Luis
|
0-0: Fly out, F4 (Line Drive, 4, EV 71.2 MPH)
|
|
Batting: RHB Mike Sims
|
0-0: Called Strike 0-1: Fly out, F8 (Flyball, 8LM, EV 89.4 MPH)
|
| Top of the 1st over - 0 runs, 1 hit, 0 errors, 1 left on base; Great Lakes 0 - Augusta 0 |
| BOTTOM OF THE 1ST |
|
Augusta GreenJackets batting - Pitching for Great Lakes Loons : LHP J.P. Blair
|
|
Pitching: LHP J.P. Blair
|
|
|
Batting: RHB Danny Gallo
|
0-0: Called Strike 0-1: Ball 1-1: Foul Ball, location: 2F 1-2: Fly out, F6 (Flyball, 56D, EV 88.1 MPH)
|
|
Batting: RHB Jonathan Reece
|
0-0: Swinging Strike 0-1: Ground out 6-3 (Groundball, 6, EV 102.5 MPH)
|
|
Batting: LHB Carey Horncole
|
0-0: Ball 1-0: Foul Ball, location: 2F 1-1: SINGLE (Groundball, 6MS, EV 75.6 MPH) (infield hit)
|
|
Batting: RHB Omar Jordan
|
0-0: Ball Carey Horncole steals 2nd base 1-0: Ball Wild Pitch! Carey Horncole to third 2-0: Fly out, F9 (Flyball, 9S, EV 76.2 MPH)
|
| Bottom of the 1st over - 0 runs, 1 hit, 0 errors, 1 left on base; Great Lakes 0 - Augusta 0 |
| TOP OF THE 2ND |
|
Great Lakes Loons batting - Pitching for Augusta GreenJackets : RHP Rich Benoit
|
|
Batting: LHB Jim Chalk
|
0-0: Ball 1-0: Swinging Strike 1-1: Ball 2-1: Ground out 1-3 (Groundball, 13, EV 65.0 MPH)
|
|
Batting: LHB Alberto Chavez
|
0-0: Swinging Strike 0-1: SINGLE (Groundball, 4, EV 96.9 MPH)
|
|
Batting: RHB Ashton Crenshaw
|
0-0: Ball 1-0: Fielders Choice at 2nd, 3-6 (Groundball, 3, EV 90.6 MPH)
|
|
Batting: RHB Phil Knox
|
0-0: Fly out, F6 (Flyball, 56D, EV 91.9 MPH)
|
| Top of the 2nd over - 0 runs, 1 hit, 0 errors, 1 left on base; Great Lakes 0 - Augusta 0 |
| BOTTOM OF THE 2ND |
|
Augusta GreenJackets batting - Pitching for Great Lakes Loons : LHP J.P. Blair
|
|
Batting: LHB Gabe Velez
|
0-0: Called Strike 0-1: Ball 1-1: Swinging Strike 1-2: Strikes out swinging
|
|
Batting: RHB Devin Lowery
|
0-0: Ball 1-0: SINGLE (Flyball, 4D, EV 86.9 MPH)
|
|
Batting: LHB Terry Ebersole
|
0-0: Grounds into double play, 4-6-3 (Groundball, 4M, EV 81.9 MPH)
|
| Bottom of the 2nd over - 0 runs, 1 hit, 0 errors, 0 left on base; Great Lakes 0 - Augusta 0 |
| TOP OF THE 3RD |
|
Great Lakes Loons batting - Pitching for Augusta GreenJackets : RHP Rich Benoit
|
|
Batting: RHB Sean Tanner
|
0-0: Ball 1-0: Foul Ball, location: 2F 1-1: Fly out, F7 (Flyball, 7S, EV 79.4 MPH)
|
|
Batting: RHB Alex Mejia
|
0-0: Foul Ball, location: 2F 0-1: Foul Ball, location: 2F 0-2: Ball 1-2: Foul Ball, location: 2F 1-2: Ball 2-2: Foul Ball, location: 2F 2-2: Fly out, F7 (Flyball, 7, EV 89.4 MPH)
|
|
Batting: RHB Jerry Sanchez
|
0-0: Swinging Strike 0-1: Ball 1-1: Called Strike 1-2: Ball 2-2: Foul Ball, location: 2F 2-2: Ground out 1-3 (Groundball, 15S, EV 64.4 MPH)
|
| Top of the 3rd over - 0 runs, 0 hits, 0 errors, 0 left on base; Great Lakes 0 - Augusta 0 |
| BOTTOM OF THE 3RD |
|
Augusta GreenJackets batting - Pitching for Great Lakes Loons : LHP J.P. Blair
|
|
Batting: LHB Pong-keun Koh
|
0-0: Ball 1-0: Swinging Strike 1-1: Called Strike 1-2: Strikes out swinging
|
|
Batting: RHB Drew Duncan
|
0-0: Foul Ball, location: 2F 0-1: Fly out, F8 (Flyball, 8RM, EV 90.6 MPH)
|
|
Batting: RHB Danny Gallo
|
0-0: Ball 1-0: Fly out, F8 (Flyball, 8RM, EV 88.1 MPH)
|
| Bottom of the 3rd over - 0 runs, 0 hits, 0 errors, 0 left on base; Great Lakes 0 - Augusta 0 |
| TOP OF THE 4TH |
|
Great Lakes Loons batting - Pitching for Augusta GreenJackets : RHP Rich Benoit
|
|
Batting: LHB Antonio Luis
|
0-0: Fly out, F7 (Line Drive, 7S, EV 91.9 MPH)
|
|
Batting: RHB Mike Sims
|
0-0: Ball 1-0: Fly out, F9 (Flyball, 89S, EV 79.4 MPH)
|
|
Batting: LHB Jim Chalk
|
0-0: Swinging Strike 0-1: Called Strike 0-2: Foul Ball, location: 2F 0-2: Ball 1-2: Ball 2-2: Foul Ball, location: 2F 2-2: Ball 3-2: Strikes out swinging
|
| Top of the 4th over - 0 runs, 0 hits, 0 errors, 0 left on base; Great Lakes 0 - Augusta 0 |
| BOTTOM OF THE 4TH |
|
Augusta GreenJackets batting - Pitching for Great Lakes Loons : LHP J.P. Blair
|
|
Batting: RHB Jonathan Reece
|
0-0: Called Strike 0-1: Ball 1-1: Foul Ball, location: 2F 1-2: Foul Ball, location: 2F 1-2: Ball 2-2: Ground out 3-1 (Groundball, 34S, EV 88.8 MPH)
|
|
Batting: LHB Carey Horncole
|
0-0: Ball 1-0: Ball 2-0: Swinging Strike 2-1: Foul Ball, location: 2F 2-2: Ball 3-2: Base on Balls
|
|
Batting: RHB Omar Jordan
|
0-0: Ball 1-0: Swinging Strike 1-1: Called Strike 1-2: Strikes out swinging
|
|
Batting: LHB Gabe Velez
|
0-0: Called Strike 0-1: Ball Carey Horncole steals 2nd base (no throw) 1-1: Ball 2-1: Foul Ball, location: 2F 2-2: SINGLE (Line Drive, 9LM, EV 99.4 MPH) Carey Horncole to third Runner from 3rd tries for Home, throw by RF and OUT! 9-2
|
| Bottom of the 4th over - 0 runs, 1 hit, 0 errors, 1 left on base; Great Lakes 0 - Augusta 0 |
| TOP OF THE 5TH |
|
Great Lakes Loons batting - Pitching for Augusta GreenJackets : RHP Rich Benoit
|
|
Batting: LHB Alberto Chavez
|
0-0: Ball 1-0: Foul Ball, location: 2F 1-1: Ball 2-1: SINGLE (Flyball, 56D, EV 96.2 MPH)
|
|
Batting: RHB Ashton Crenshaw
|
0-0: Called Strike 0-1: Called Strike 0-2: Ball 1-2: Ball 2-2: Foul Ball, location: 2F 2-2: Grounds into double play, 5-4-3 (Groundball, 56, EV 92.5 MPH)
|
|
Batting: RHB Phil Knox
|
0-0: Ball 1-0: Fly out, F9 (Flyball, 89S, EV 90.0 MPH)
|
| Top of the 5th over - 0 runs, 1 hit, 0 errors, 0 left on base; Great Lakes 0 - Augusta 0 |
| BOTTOM OF THE 5TH |
|
Augusta GreenJackets batting - Pitching for Great Lakes Loons : LHP J.P. Blair
|
|
Batting: RHB Devin Lowery
|
0-0: Ball 1-0: Swinging Strike 1-1: Foul Ball, location: 2F 1-2: Ball 2-2: TRIPLE (Groundball, 3L, EV 95.6 MPH)
|
|
Batting: LHB Terry Ebersole
|
0-0: Called Strike 0-1: Foul Ball, location: 2F 0-2: Ball 1-2: Foul Ball, location: 2F 1-2: Foul Ball, location: 2F 1-2: Ball 2-2: Ball 3-2: SINGLE (Groundball, 6M, EV 103.1 MPH) Devin Lowery scores
|
|
Batting: LHB Pong-keun Koh
|
0-0: Called Strike 0-1: Foul Ball, location: 2F 0-2: Strikes out swinging
|
|
Pitching: LHP Bill Esten
|
|
|
Batting: RHB Drew Duncan
|
0-0: Ball 1-0: Ball Wild Pitch! Terry Ebersole to second 2-0: Fly out, F6 (Line Drive, 6, EV 73.1 MPH)
|
|
Batting: RHB Danny Gallo
|
0-0: Called Strike 0-1: Reached via error on a dropped throw from 1B, E1 (Groundball, 34S, EV 86.2 MPH) Terry Ebersole to third
|
|
Batting: RHB Jonathan Reece
|
0-0: Foul Ball, location: 2F 0-1: Called Strike Danny Gallo steals 2nd base 0-2: Ball 1-2: Ball 2-2: Ball Wild Pitch! Terry Ebersole scores Danny Gallo to third 3-2: Intentional Walk
|
|
Batting: LHB Carey Horncole
|
0-0: Ball Jonathan Reece steals 2nd base 1-0: Called Strike 1-1: Ball 2-1: Ground out U3 (Groundball, 3L, EV 85.0 MPH)
|
| Bottom of the 5th over - 2 runs, 2 hits, 1 error, 2 left on base; Great Lakes 0 - Augusta 2 |
| TOP OF THE 6TH |
|
Great Lakes Loons batting - Pitching for Augusta GreenJackets : RHP Rich Benoit
|
|
Batting: RHB Sean Tanner
|
0-0: Swinging Strike 0-1: Reached on error, E5 (Groundball, 15, EV 90.0 MPH)
|
|
Batting: RHB Alex Mejia
|
0-0: Ball 1-0: Ball 2-0: Fly out, F4 (Popup, 34, EV 61.9 MPH)
|
|
Batting: RHB Jerry Sanchez
|
0-0: Ball 1-0: Ball 2-0: Called Strike 2-1: Ground out 5-3 (Groundball, 56, EV 83.1 MPH)
|
|
Batting: LHB Antonio Luis
|
0-0: Ground out 5-3 (Groundball, 56, EV 83.1 MPH)
|
| Top of the 6th over - 0 runs, 0 hits, 1 error, 1 left on base; Great Lakes 0 - Augusta 2 |
| BOTTOM OF THE 6TH |
|
Augusta GreenJackets batting - Pitching for Great Lakes Loons : LHP Bill Esten
|
|
Batting: RHB Omar Jordan
|
0-0: Called Strike 0-1: Ball 1-1: Ball 2-1: Swinging Strike 2-2: Ball 3-2: Foul Ball, location: 2F 3-2: Foul Ball, location: 2F 3-2: Strikes out swinging
|
|
Batting: LHB Gabe Velez
|
0-0: Ground out 5-3 (Groundball, 56S, EV 90.0 MPH)
|
|
Batting: RHB Devin Lowery
|
0-0: Called Strike 0-1: Called Strike 0-2: Ball 1-2: Foul Ball, location: 2F 1-2: Strikes out looking
|
| Bottom of the 6th over - 0 runs, 0 hits, 0 errors, 0 left on base; Great Lakes 0 - Augusta 2 |
| TOP OF THE 7TH |
|
Great Lakes Loons batting - Pitching for Augusta GreenJackets : RHP Rich Benoit
|
|
Batting: RHB Mike Sims
|
0-0: Ball 1-0: Swinging Strike 1-1: Ball 2-1: Called Strike 2-2: Ball 3-2: SINGLE (Flyball, 7LS, EV 98.8 MPH)
|
|
Batting: LHB Jim Chalk
|
0-0: Ball 1-0: Ball 2-0: Ball 3-0: Called Strike 3-1: Called Strike 3-2: Foul Ball, location: 2F 3-2: DOUBLE (Flyball, 8LXD, EV 96.2 MPH) Mike Sims to third Mike Sims scores
|
|
Batting: LHB Alberto Chavez
|
0-0: Called Strike 0-1: Ball 1-1: Swinging Strike 1-2: Ball 2-2: Foul Ball, location: 2F 2-2: Foul Ball, location: 2F 2-2: Strikes out looking
|
|
Batting: RHB Ashton Crenshaw
|
0-0: Called Strike 0-1: Foul Ball, location: 2F 0-2: Strikes out swinging
|
|
Batting: RHB Phil Knox
|
0-0: SINGLE (Groundball, 5S, EV 63.8 MPH) (infield hit) Jim Chalk to third
|
|
Batting: RHB Sean Tanner
|
0-0: Called Strike 0-1: Foul Ball, location: 2F 0-2: Foul Ball, location: 2F 0-2: Fielders Choice at 2nd, 6-4 (Groundball, 6, EV 89.4 MPH)
|
| Top of the 7th over - 1 run, 3 hits, 0 errors, 2 left on base; Great Lakes 1 - Augusta 2 |
| BOTTOM OF THE 7TH |
|
Augusta GreenJackets batting - Pitching for Great Lakes Loons : LHP Bill Esten
|
|
Pitching: RHP George Credle
|
|
|
Batting: LHB Terry Ebersole
|
0-0: Ground out 4-3 (Groundball, 4, EV 101.2 MPH)
|
|
Batting: LHB Pong-keun Koh
|
0-0: Ball 1-0: Called Strike 1-1: Swinging Strike 1-2: Strikes out swinging
|
|
Batting: RHB Drew Duncan
|
0-0: Ball 1-0: Called Strike 1-1: Called Strike 1-2: Strikes out looking
|
| Bottom of the 7th over - 0 runs, 0 hits, 0 errors, 0 left on base; Great Lakes 1 - Augusta 2 |
| TOP OF THE 8TH |
|
Great Lakes Loons batting - Pitching for Augusta GreenJackets : RHP Rich Benoit
|
|
Pitching: RHP Ron Riley
|
|
|
Batting: RHB Alex Mejia
|
0-0: Ball 1-0: Foul Ball, location: 2F 1-1: SINGLE (Groundball, 4D, EV 105.6 MPH)
|
|
Batting: LHB Chris Barrera
|
0-0: Fly out, F8 (Flyball, 8RM, EV 98.1 MPH)
|
|
Pitching: LHP Travis Stichter
|
|
|
Batting: LHB Antonio Luis
|
0-0: Fly out, F6 (Line Drive, 4, EV 63.8 MPH)
|
|
Pitching: LHP Matt Wass
|
|
|
Batting: RHB Mike Sims
|
0-0: Ball 1-0: Swinging Strike 1-1: Foul Ball, location: 2F 1-2: Ball 2-2: Strikes out swinging
|
| Top of the 8th over - 0 runs, 1 hit, 0 errors, 1 left on base; Great Lakes 1 - Augusta 2 |
| BOTTOM OF THE 8TH |
|
Augusta GreenJackets batting - Pitching for Great Lakes Loons : RHP George Credle
|
|
Batting: RHB Danny Gallo
|
0-0: Ball 1-0: Called Strike 1-1: Reached on error, E2 (Groundball, 2L, EV 69.4 MPH)
|
|
Batting: RHB Jonathan Reece
|
0-0: Foul Ball, location: 2F 0-1: Hit by Pitch Danny Gallo to second
|
|
Batting: LHB Carey Horncole
|
0-0: Ball 1-0: Called Strike 1-1: Ground out 5-3 (Groundball, 5L, EV 106.9 MPH) Danny Gallo to third Jonathan Reece to second
|
|
Batting: RHB Omar Jordan
|
0-0: Called Strike 0-1: Ball 1-1: Ball 2-1: Foul Ball, location: 2F 2-2: DOUBLE (Groundball, 5D, EV 96.2 MPH) Danny Gallo scores Jonathan Reece scores
|
|
Batting: LHB Gabe Velez
|
0-0: Intentional Walk
|
|
Batting: RHB Devin Lowery
|
0-0: Called Strike 0-1: Ball 1-1: Fly out, F4 (Popup, 34D, EV 72.5 MPH)
|
|
Batting: LHB Terry Ebersole
|
0-0: Called Strike 0-1: Ball 1-1: Ball 2-1: Ground out 1-3 (Groundball, 13S, EV 73.8 MPH)
|
| Bottom of the 8th over - 2 runs, 1 hit, 1 error, 2 left on base; Great Lakes 1 - Augusta 4 |
| TOP OF THE 9TH |
|
Great Lakes Loons batting - Pitching for Augusta GreenJackets : LHP Matt Wass
|
|
Batting: LHB Jim Chalk
|
0-0: Ball 1-0: Ball 2-0: SINGLE (Groundball, 6MD, EV 105.0 MPH)
|
|
Pinch Hitting: RHB Jayden Copeland
|
0-0: Ball 1-0: Grounds into double play, 1-4-3 (Groundball, P, EV 63.8 MPH)
|
|
Batting: RHB Ashton Crenshaw
|
0-0: Ball 1-0: Ball 2-0: Foul Ball, location: 2F 2-1: Ground out 2-3 (Groundball, 2L, EV 63.1 MPH)
|
| Top of the 9th over - 0 runs, 1 hit, 0 errors, 0 left on base; Great Lakes 1 - Augusta 4 |
|